 Dungeon Crawl Stone Soup version 0.22-a0-565-gfc6459a (webtiles) character file.

3867 Hebeh the Cleaver (level 9, -1/79 HPs)
             Began as a Minotaur Fighter on June 28, 2018.
             Was a Believer of Trog.
             Slain by a troll (10 damage)
             ... on level 8 of the Dungeon.
             The game lasted 00:27:22 (7995 turns).

Hebeh the Cleaver (Minotaur Fighter)                Turns: 7995, Time: 00:27:22

Health: -1/79      AC: 11    Str: 27    XL:     9   Next: 99%
Magic:  11/11      EV:  8    Int:  5    God:    Trog [**....]
Gold:   190        SH: 11    Dex:  7    Spells: 8/8 levels left

rFire    . . .     SeeInvis .   b - +3 hand axe of Entrepreneurial Spirit {chop, rElec rC+ Dex-2}
rCold    + . .     Gourm    .   c - +0 shield
rNeg     . . .     Faith    .   y - +2 scale mail {MR+}
rPois    +         Spirit   .   (helmet restricted)
rElec    +         Reflect  .   (no cloak)
rCorr    .         Harm     .   (no gloves)
MR       +....                  t - +0 pair of boots
Stlth    ..........             (no amulet)
HPRegen  0.23/turn              u - +2 ring of strength
MPRegen  0.12/turn              i - ring of poison resistance

@: no status effects
A: retaliatory headbutt, horns 2
a: Berserk, Trog's Hand, Renounce Religion


You were on level 8 of the Dungeon.
You worshipped Trog.
Trog was pleased with you.
You were not hungry.

You visited 2 branches of the dungeon, and saw 10 of its levels.

You collected 430 gold pieces.
You spent 240 gold pieces at shops.

Inventory:

Hand Weapons
 a - the +4 spear of Reapportionment {pierce, rC+ MR+}
   (You found it on level 4 of the Dungeon)

   It inflicts extra damage upon your enemies.
   It protects you from cold.
   It affects your resistance to hostile enchantments.
 b - the +3 hand axe of Entrepreneurial Spirit (weapon) {chop, rElec rC+ Dex-2}
   (You found it on level 6 of the Dungeon)

   It inflicts extra damage upon your enemies.
   It affects your dexterity (-2).
   It protects you from cold.
   It insulates you from electricity.
Armour
 c - a +0 shield (worn)
 t - a +0 pair of boots (worn)
 y - a +2 scale mail of magic resistance (worn)
Jewellery
 i - a ring of poison resistance (right hand)
 u - a +2 ring of strength (left hand)
Wands
 m - a wand of flame (17)
 q - a wand of iceblast (15)
 C - a wand of acid (6)
Scrolls
 g - 11 scrolls of remove curse
 j - 4 scrolls of enchant armour
 o - 3 scrolls of teleportation
 p - a scroll of fog
 s - a scroll of immolation
 B - 8 scrolls of identify
Potions
 d - 2 potions of might
 e - a potion of curing {unknown}
 h - a potion of experience {unknown}
 k - 2 potions of haste
 l - 5 potions of heal wounds
 n - a potion of magic {unknown}
 r - 2 potions of berserk rage
 v - a potion of cancellation {unknown}
 x - 2 potions of agility {unknown}
 A - a potion of flight {unknown}
 D - 2 potions of lignification {unknown}
Comestibles
 f - 19 rations


   Skills:
 + Level 7.6 Fighting
 * Level 8.5(9.8) Axes
 + Level 7.5(9.3) Polearms
 + Level 7.6 Armour
 + Level 7.5 Shields
 + Level 4.5 Evocations


You had 8 spell levels left.
You didn't know any spells.
Your spell library contained the following spells:

 Spells                   Type           Power        Failure   Level  Hunger
 Confuse                  Hex            #.......     100%        3    ####...
 Confusing Touch          Hex            #.....       96%         1    ##.....
 Metabolic Englaciation   Hex/Ice        #.........   100%        5    ######.
 Petrify                  Tmut/Erth      #.......     100%        4    #####..
 Gell's Gravitas          Tloc           #.........   100%        3    ####...
 Yara's Violent Unravell  Hex/Tmut       #.........   100%        5    ######.


Dungeon Overview and Level Annotations

Branches:
Dungeon (9/15)             Temple (1/1) D:6            Lair (0/6) D:8
    Orc: D:9-12

Altars:
Ashenzari
Cheibriados
Dithmenos
Elyvilon
Fedhas
Gozag
Hepliaklqana
Kikubaaqudgha
Nemelex Xobeh
Qazlal
Ru
Sif Muna
Trog
Uskayaw
Vehumet
Yredelemnul
Zin
The Shining One

Shops:
D:6 ?


Innate Abilities, Weirdness & Mutations

You reflexively headbutt those who attack you in melee.
You have a pair of horns on your head.


Message History

You headbutt the wyvern zombie, but do no damage.
The troll bites you!
* * * LOW HITPOINT WARNING * * *
The troll claws you!
* * * LOW HITPOINT WARNING * * *
You block the troll's attack. The wyvern zombie closely misses you.
You furiously retaliate!
You headbutt the wyvern zombie!
You destroy the wyvern zombie!
Trog accepts your kill. The troll closely misses you. You furiously retaliate!
You headbutt the troll, but do no damage.
The troll claws you but does no damage. You block the troll's attack.
You climb upwards.
There is a stone staircase leading down here.
You closely miss the troll. Your headbutt misses the troll.
The troll is heavily wounded.
You block the troll's attack. The troll claws you.
* * * LOW HITPOINT WARNING * * *
The troll claws you!
You die...

######### #.......#
#.#####.#
########.#####.###
#@T.............<.
#.######.#........
##.## #.#.###.###
#...#####.......#
#..<...####.#######
#...........#####..
##.#...####........
#.##.#####.#####.#
#.#...............


You could see a troll.

Vanquished Creatures
  Grinder (D:6)
  A hippogriff (D:8)
  2 wraiths (D:8)
  A basilisk (D:8)
  A yak (D:8)
  A human (D:7)
  4 hogs (D:7)
  2 phantoms
  A necrophage (D:5)
  A sky beast (D:6)
  An ice beast (D:6)
  3 ogres
  A crocodile (D:8)
  2 elf zombies (D:8)
  A wyvern zombie (D:9)
  5 scorpions
  2 wights (D:8)
  2 howler monkeys (D:7)
  3 crimson imps
  3 hounds
  A quasit (D:7)
  2 human zombies (D:8)
  3 orc wizards
  An orc priest (D:5)
  A centaur skeleton (D:7)
  3 iguanas
  3 worker ants
  A hound zombie (D:9)
  3 mummies (D:8)
  12 adders
  A howler monkey skeleton (D:7)
  2 shadow imps
  2 oozes
  2 worms
  4 dart slugs
  5 leopard geckos
  17 orcs
  6 giant cockroaches
  5 goblins
  8 hobgoblins
  12 jackals
  6 quokkas
  A ball python (D:7)
  8 bats
  6 frilled lizards
  2 jackal zombies
  7 kobolds
  An orc skeleton (D:8)
  A quokka skeleton (D:4)
  6 rats
170 creatures vanquished.

Notes
Turn   | Place    | Note
-------+----------+-------------------------------------------
     0 | D:1      | Hebeh the Minotaur Fighter began the quest for the Orb.
     0 | D:1      | Reached XP level 1. HP: 19/19 MP: 0/0
   208 | D:1      | Reached XP level 2. HP: 23/27 MP: 1/1
   250 | D:1      | Reached skill level 3 in Axes
   416 | D:1      | Reached XP level 3. HP: 31/33 MP: 2/2
   983 | D:2      | Found an ancient bone altar of Kikubaaqudgha.
   986 | D:2      | Found a snail-covered altar of Cheibriados.
  1089 | D:2      | Reached XP level 4. HP: 40/40 MP: 3/3
  1270 | D:2      | Reached skill level 4 in Axes
  1913 | D:3      | Reached XP level 5. HP: 47/47 MP: 4/4
  2233 | D:4      | Found a glowing golden altar of the Shining One.
  2722 | D:4      | Reached skill level 1 in Evocations
  3010 | D:4      | Reached skill level 5 in Axes
  3010 | D:4      | Reached XP level 6. HP: 45/55 MP: 5/5
  3360 | D:4      | Reached skill level 5 in Fighting
  3501 | D:4      | Got a steaming spear
  3502 | D:4      | Identified the +4 spear of Reapportionment {pierce, rC+ MR+} (You found it on level 4 of the Dungeon)
  3725 | D:5      | Entered Level 5 of the Dungeon
  3746 | D:5      | Reached skill level 5 in Armour
  3788 | D:5      | Reached skill level 1 in Polearms
  3788 | D:5      | Reached skill level 5 in Shields
  3862 | D:5      | Reached XP level 7. HP: 61/61 MP: 7/7
  4626 | D:6      | Noticed Grinder
  4638 | D:6      | Killed Grinder
  4638 | D:6      | Reached skill level 6 in Axes
  4707 | D:6      | Found a staircase to the Ecumenical Temple.
  4715 | Temple   | Entered the Ecumenical Temple
  4739 | Temple   | Became a worshipper of Trog the Wrathful
  4835 | D:6      | Reached XP level 8. HP: 70/70 MP: 7/9
  5000 | D:6      | Found Syopt's Magic Scroll Emporium.
  5005 | D:6      | Bought a scroll of identify for 24 gold pieces
  5005 | D:6      | Bought a scroll of identify for 24 gold pieces
  5005 | D:6      | Bought a scroll of teleportation for 36 gold pieces
  5005 | D:6      | Bought a scroll of remove curse for 36 gold pieces
  5005 | D:6      | Bought a scroll of identify for 24 gold pieces
  5005 | D:6      | Bought 2 scrolls of remove curse for 72 gold pieces
  5005 | D:6      | Bought a scroll of identify for 24 gold pieces
  5275 | D:6      | Found a blossoming altar of Fedhas.
  5276 | D:6      | Found a sacrificial altar of Ru.
  5305 | D:6      | Got an encrusted hand axe
  5306 | D:6      | Identified the cursed +3 hand axe of Entrepreneurial Spirit {chop, rElec rC+ Dex-2} (You found it on level 6 of the Dungeon)
  5407 | D:7      | Reached skill level 5 in Polearms
  5740 | D:7      | Reached XP level 9. HP: 77/78 MP: 10/10
  5868 | D:7      | Found an opulent altar of Gozag.
  5869 | D:7      | Found a glowing silver altar of Zin.
  5953 | D:7      | Found a deep blue altar of Sif Muna.
  6052 | D:7      | Reached * piety under Trog
  6052 | D:7      | Reached skill level 7 in Axes
  6896 | D:8      | Found a staircase to the Lair.
  7296 | D:8      | Reached skill level 8 in Axes
  7347 | D:8      | Found a basalt altar of Yredelemnul.
  7419 | D:8      | Reached ** piety under Trog
  7968 | D:9      | Noticed a troll
  7995 | D:8      | Slain by a troll

Vault maps used:
D:1:      lightli_arrival_flooded_house
D:2:      nicolae_overflow_hidden_temple
D:4:      tso_altar, first_ration
D:6:      gammafunk_temple_overflow_statue, temple_green, serial_shops,
          shop_scrolls, uniq_grinder
D:7:      grunt_temple_overflow_gold_and_silver, led_sif_pool, grunt_livestock
D:8:      lemuel_mausoleum_altar_yredelemnul, david_lair_generic
D:9:      hiddenorc1_lemuel, serial_shops, nicolae_shop_overgrown_old_shop,
          basic_altar
Temple:   eino_temple_lava

Skill      XL: |  1  2  3  4  5  6  7  8  9 |
---------------+----------------------------+-----
Axes           | 3 4 5 6 8 |  8.5
Armour         | 4 5 6 7 |  7.6
Shields        | 4 5 6 7 |  7.5
Fighting       | 4 5 6 7 |  7.6
Evocations     | 1 2 3 4 |  4.5
Polearms       | 1 4 6 7 |  7.5

Action                   |  1- 3 |  4- 6 |  7- 9 || total
-------------------------+-------+-------+-------++-------
Melee: War axe           |    85 |    97 |       ||   182
       Headbutt          |    13 |    12 |    66 ||    91
       Spear             |       |    15 |   126 ||   141
       Hand axe          |       |       |   182 ||   182
  Use: Scroll            |       |     9 |    10 ||    19
  Eat: Chunk             |     1 |     8 |     5 ||    14
       Ration            |       |       |     3 ||     3
Armor: Scale mail        |    40 |    43 |    91 ||   174
Dodge: Dodged            |    36 |    33 |    71 ||   140
Block: Shield            |    43 |    42 |   129 ||   214

Table legend:
 A = Spawn XP
 B = Non-spawn XP
 C = Spawn XP percentage of total XP
 D = Spawn monster count
 E = Non-spawn monster count
 F = Spawn count percentage of total count
 G = Total turns spent on level
                    A         B        C        D         E        F      G
               +---------+---------+-------+---------+---------+-------+---------
         Total |       0 |    5525 |   0.0 |       0 |     170 |   0.0 |  7995
               +---------+---------+-------+---------+---------+-------+---------
           D:1 |       0 |      52 |   0.0 |       0 |      25 |   0.0 |   756
           D:2 |       0 |      95 |   0.0 |       0 |      34 |   0.0 |   963
           D:3 |       0 |      53 |   0.0 |       0 |      16 |   0.0 |   447
           D:4 |       0 |     337 |   0.0 |       0 |      12 |   0.0 |  1559
           D:5 |       0 |     538 |   0.0 |       0 |      23 |   0.0 |   866
           D:6 |       0 |     701 |   0.0 |       0 |       9 |   0.0 |   705
           D:7 |       0 |    1573 |   0.0 |       0 |      22 |   0.0 |  1455
           D:8 |       0 |    2014 |   0.0 |       0 |      24 |   0.0 |  1167
           D:9 |       0 |     162 |   0.0 |       0 |       5 |   0.0 |    43
               +---------+---------+-------+---------+---------+-------+---------
